 Dungeon Crawl Stone Soup version 0.26.0-10-g1f06aea511 (webtiles) character file.

Game seed: 11876560775920220509

367 Dracia the Poker (level 6, -3/51 HPs)
             Began as a Gnoll Wanderer on Jan 15, 2021.
             Was a Follower of Okawaru.
             Slain by Menkaure (17 damage)
             ... on level 5 of the Dungeon.
             The game lasted 00:06:10 (3373 turns).

Dracia the Poker (Gnoll Wanderer)                   Turns: 3373, Time: 00:06:10

Health: -3/51      AC:  9    Str: 16    XL:     6   Next: 69%
Magic:  9/9        EV: 13    Int: 15    God:    Okawaru [*.....]
Gold:   206        SH:  0    Dex: 14    Spells: 9/9 levels left

rFire    . . .     SeeInvis .   a - +2 spear
rCold    . . .     Faith    .   (no shield)
rNeg     . . .     Spirit   .   l - +0 leather armour
rPois    .         Reflect  .   u - +2 hat
rElec    .         Harm     .   (no cloak)
rCorr    .         Rampage  .   t - +0 pair of gloves
Will     .....     Rnd*Tele +   p - +1 pair of boots
Stlth    +++.......             (no amulet)
HPRegen  0.17/turn              L - ring of flight
MPRegen  0.11/turn              (no ring)

@: no status effects
A: distributed training, fangs 1, hooves 1, horns 1, deterioration 1, shaggy fur
1, teleportitis 1, strong nose
a: Renounce Religion, Evoke Flight, Heroism


You were on level 5 of the Dungeon.
You worshipped Okawaru.
Okawaru was aware of your devotion.
You visited 1 branch of the dungeon, and saw 5 of its levels.

You collected 206 gold pieces.


Innate Abilities, Weirdness & Mutations

Your experience applies equally to all skills.
You have very sharp teeth.
Your uncanny sense of smell can sniff out nearby items.
You have large cloven feet.
You have a pair of small horns on your head.
Your body sometimes deteriorates upon taking damage.
You are covered in fur. (AC +1)
You are occasionally teleported next to monsters.


   Skills:
 + Level 5.0 Fighting
 + Level 2.1 Short Blades
 + Level 2.1 Long Blades
 + Level 3.3 Axes
 + Level 2.1 Maces & Flails
 + Level 6.9 Polearms
 + Level 2.1 Staves
 + Level 2.1 Slings
 + Level 2.1 Bows
 + Level 2.1 Crossbows
 + Level 2.1 Throwing
 + Level 3.3 Armour
 + Level 3.3 Dodging
 + Level 4.6 Stealth
 + Level 2.1 Shields
 + Level 2.1 Unarmed Combat
 + Level 2.1 Spellcasting
 + Level 1.6 Conjurations
 + Level 1.6 Hexes
 + Level 1.6 Summonings
 + Level 1.6 Necromancy
 + Level 1.6 Translocations
 + Level 1.6 Transmutations
 + Level 1.6 Fire Magic
 + Level 1.6 Ice Magic
 + Level 1.6 Air Magic
 + Level 1.6 Earth Magic
 + Level 1.6 Poison Magic
 + Level 2.3 Invocations
 + Level 2.1 Evocations


You had 9 spell levels left.
You didn't know any spells.
Your spell library was empty.

Inventory:

Hand Weapons
 a - a +2 spear (weapon)
 e - a +0 dagger
Missiles
 j - 7 atropa-tipped darts (quivered)
 n - 7 poisoned darts
Armour
 d - a +0 robe
 l - a +0 leather armour (worn)
 p - a +1 pair of boots (worn)
 t - a +0 pair of gloves (worn)
 u - a +2 hat (worn)
Jewellery
 q - a -4 ring of evasion
 L - a ring of flight (left hand)
Wands
 g - a wand of iceblast (11)
 r - a wand of flame (15)
Scrolls
 b - a scroll of teleportation {@r4@r4}
 f - 2 scrolls of immolation
 h - 8 scrolls of identify {@r1@r1}
 k - 5 scrolls of remove curse {@r2@r2}
 o - a scroll of magic mapping {unknown}
Potions
 c - 3 potions of curing {@q1@q1}
 i - 2 potions of heal wounds {@q2@q2}
 m - 2 potions of berserk rage {unknown}
 s - a potion of invisibility {unknown}

Dungeon Overview and Level Annotations

Branches:
Dungeon (5/15)             Temple (0/1) D:4

Altars:
Cheibriados
Fedhas
Nemelex Xobeh
Okawaru
The Shining One

Shops:
D:4 *

Annotations:
D:5 3 runed translucent doors, Blork the orc; EnegeticOcto's ghost, weakling DDDe; Menkaure

#.#..# ###.##..###
#....# #.......#
##...# ######..##
#...### ##..##
####.....# #...#
.........# #####
...###....#
.#......$.########
####......@M....#
#............#
#......o.....#
..............#
####...........#
#####.......#
#.......#
#.......#


You could see Blork the orc and Menkaure.


Message History

No target in view!
No target in view!
Menkaure, Prince of Dust comes into view.
Menkaure shouts!
You hear a shout!
Menkaure casts a spell at you. Pain shoots through your body!
Blork the orc comes into view.
He is wielding a +4 vorpal war axe.
Menkaure calls on the powers of darkness!
Your body is wracked with pain!
* * * LOW HITPOINT WARNING * * *
Blork the orc convulses!
Reach: a) +2 spear
Press: ? - help, Dir - move target, f - Menkaure
Aim: Menkaure You reach to attack!
You puncture Menkaure!
Menkaure is moderately damaged.
Unknown command.
You hit Menkaure.
Menkaure is heavily damaged.
You barely miss Menkaure.
Menkaure is heavily damaged.
Menkaure casts a spell at you. Pain shoots through your body!
* * * LOW HITPOINT WARNING * * *
Unknown command.
You barely miss Menkaure.
Menkaure is heavily damaged.
Blork the orc screams, "Die!"
Menkaure hits you!
You die...

Skill      XL: |  1  2  3  4  5  6 |
---------------+-------------------+-----
Invocations    | 1 2 |  2.3
Short Blades   | 1 2 |  2.1
Long Blades    | 1 2 |  2.1
Maces & Flails | 1 2 |  2.1
Staves         | 1 2 |  2.1
Slings         | 1 2 |  2.1
Bows           | 1 2 |  2.1
Crossbows      | 1 2 |  2.1
Throwing       | 1 2 |  2.1
Shields        | 1 2 |  2.1
Unarmed Combat | 1 2 |  2.1
Spellcasting   | 1 2 |  2.1
Evocations     | 1 2 |  2.1
Conjurations   | 1 |  1.6
Hexes          | 1 |  1.6
Summonings     | 1 |  1.6
Necromancy     | 1 |  1.6
Translocations | 1 |  1.6
Transmutations | 1 |  1.6
Fire Magic     | 1 |  1.6
Ice Magic      | 1 |  1.6
Air Magic      | 1 |  1.6
Earth Magic    | 1 |  1.6
Poison Magic   | 1 |  1.6
Axes           | 3 |  3.3
Armour         | 3 |  3.3
Dodging        | 3 |  3.3
Fighting       | 5 |  5.0
Polearms       | |  6.9
Stealth        | |  4.6

Action                   |  1- 3 |  4- 6 || total
-------------------------+-------+-------++-------
Melee: Spear             |    94 |   135 ||   229
       Bite              |     9 |    10 ||    19
       Headbutt          |     5 |    22 ||    27
       Punch             |       |     2 ||     2
  Use: Scroll            |     4 |       ||     4
       Potion            |     2 |     2 ||     4
 Stab: Sleeping          |    10 |     2 ||    12
       Distracted        |       |     1 ||     1
Armor: Leather armour    |     9 |    49 ||    58
Dodge: Dodged            |    23 |    99 ||   122

Levels and vault maps discovered:
D:1:      dpeg_arrival_rooms_b, layout_rooms, chequers_serial_rivers_small_b,
          tso_metal_star
D:2:      layout_basic, gammafunk_temple_overflow_elements
D:3:      layout_basic, old_standard_altar
D:4:      layout_rooms, lemuel_temple_firewalk_b, serial_undead,
          serial_undead_c, serial_undead_f, serial_undead_e, serial_undead_c,
          serial_shops, shop, uniq_ijyb
D:5:      layout_rooms, nemelex_xobeh_ov_fountains_minmay, gammafunk_ghost_icy,
          uniq_menkaure, uniq_blork_the_orc

Notes
Turn   | Place    | Note
-------+----------+-------------------------------------------
     0 | D:1      | Dracia the Gnoll Wanderer began the quest for the Orb.
     0 | D:1      | Dracia set off with the following items: a +2 spear, a
                  | scroll of teleportation {@r4@r4}, a potion of curing
                  | {@q1@q1}, a +0 robe, a +0 dagger
     0 | D:1      | Reached XP level 1. HP: 20/20 MP: 1/1
    33 | D:1      | Found a glowing golden altar of the Shining One.
   115 | D:1      | Reached XP level 2. HP: 26/26 MP: 2/2
   978 | D:2      | Found a snail-covered altar of Cheibriados.
   978 | D:2      | Found an iron altar of Okawaru.
  1017 | D:2      | Became a worshipper of Warmaster Okawaru
  1260 | D:2      | Reached XP level 3. HP: 31/31 MP: 3/3
  1612 | D:3      | Found a blossoming altar of Fedhas.
  1814 | D:3      | Gained mutation: Your flesh is heat resistant. (rF+)
                  | [potion of mutation]
  1814 | D:3      | Gained mutation: Armour fits poorly on your strangely
                  | shaped body. [potion of mutation]
  1814 | D:3      | Gained mutation: You have large cloven feet. [potion of
                  | mutation]
  1814 | D:3      | Gained mutation: You have a pair of small horns on your
                  | head. [potion of mutation]
  1866 | D:3      | Reached skill level 1 in Invocations
  1955 | D:3      | Lost mutation: Your flesh is heat resistant. (rF+) [potion
                  | of mutation]
  1955 | D:3      | Lost mutation: Armour fits poorly on your strangely shaped
                  | body. [potion of mutation]
  1955 | D:3      | Gained mutation: Your body sometimes deteriorates upon
                  | taking damage. [potion of mutation]
  1955 | D:3      | Gained mutation: You are occasionally teleported next to
                  | monsters. [potion of mutation]
  1955 | D:3      | Gained mutation: You are covered in fur. (AC +1) [potion of
                  | mutation]
  2074 | D:3      | Reached skill level 1 in Short Blades
  2074 | D:3      | Reached skill level 1 in Long Blades
  2074 | D:3      | Reached skill level 1 in Maces & Flails
  2074 | D:3      | Reached skill level 1 in Staves
  2074 | D:3      | Reached skill level 1 in Slings
  2074 | D:3      | Reached skill level 1 in Bows
  2074 | D:3      | Reached skill level 1 in Crossbows
  2074 | D:3      | Reached skill level 1 in Throwing
  2074 | D:3      | Reached skill level 1 in Shields
  2074 | D:3      | Reached skill level 1 in Unarmed Combat
  2074 | D:3      | Reached skill level 1 in Spellcasting
  2074 | D:3      | Reached skill level 1 in Evocations
  2175 | D:4      | Reached XP level 4. HP: 38/38 MP: 5/5
  2448 | D:4      | Noticed Ijyb
  2462 | D:4      | Killed Ijyb
  2462 | D:4      | HP: 3/38 [hound (6)]
  2463 | D:4      | Reached skill level 1 in Conjurations
  2463 | D:4      | Reached skill level 1 in Hexes
  2463 | D:4      | Reached skill level 1 in Summonings
  2463 | D:4      | Reached skill level 1 in Necromancy
  2463 | D:4      | Reached skill level 1 in Translocations
  2463 | D:4      | Reached skill level 1 in Transmutations
  2463 | D:4      | Reached skill level 1 in Fire Magic
  2463 | D:4      | Reached skill level 1 in Ice Magic
  2463 | D:4      | Reached skill level 1 in Air Magic
  2463 | D:4      | Reached skill level 1 in Earth Magic
  2463 | D:4      | Reached skill level 1 in Poison Magic
  2552 | D:4      | Found Vyechon's Assorted Antiques.
  2567 | D:4      | Reached XP level 5. HP: 40/43 MP: 5/7
  2574 | D:4      | Reached skill level 3 in Axes
  2574 | D:4      | Reached skill level 3 in Armour
  2574 | D:4      | Reached skill level 3 in Dodging
  2678 | D:4      | Reached skill level 2 in Invocations
  2678 | D:4      | Reached XP level 6. HP: 45/50 MP: 8/8
  2798 | D:4      | Found a staircase to the Ecumenical Temple.
  2893 | D:4      | Reached * piety under Okawaru
  3026 | D:4      | Reached skill level 5 in Fighting
  3026 | D:4      | Reached skill level 2 in Short Blades
  3026 | D:4      | Reached skill level 2 in Long Blades
  3026 | D:4      | Reached skill level 2 in Maces & Flails
  3026 | D:4      | Reached skill level 2 in Staves
  3026 | D:4      | Reached skill level 2 in Slings
  3026 | D:4      | Reached skill level 2 in Bows
  3026 | D:4      | Reached skill level 2 in Crossbows
  3026 | D:4      | Reached skill level 2 in Throwing
  3026 | D:4      | Reached skill level 2 in Shields
  3026 | D:4      | Reached skill level 2 in Unarmed Combat
  3026 | D:4      | Reached skill level 2 in Spellcasting
  3026 | D:4      | Reached skill level 2 in Evocations
  3281 | D:5      | Entered Level 5 of the Dungeon
  3319 | D:5      | Found a runed translucent gate.
  3319 | D:5      | Found a runed translucent gate.
  3319 | D:5      | Found a runed translucent gate.
  3320 | D:5      | Found a sparkling altar of Nemelex Xobeh.
  3348 | D:5      | Noticed EnegeticOcto's ghost (weakling DDDe)
  3366 | D:5      | Noticed Menkaure
  3368 | D:5      | Noticed Blork the orc
  3373 | D:5      | Slain by Menkaure

Vanquished Creatures
  A howler monkey (D:5)
  A centaur zombie (D:4)
  A hound (D:4)
  A jelly (D:4)
  A bullfrog skeleton (D:4)
  An orc priest (D:4)
  Ijyb (D:4)
  2 hound zombies (D:4)
  3 adders
  A shadow imp (D:5)
  An ufetubus (D:5)
  2 oozes (D:3)
  3 worms
  A dart slug (D:1)
  2 leopard geckos
  4 orcs
  3 giant cockroaches
  2 goblins (D:3)
  6 hobgoblins
  7 jackals
  A quokka (D:3)
  5 bats
  2 frilled lizards
  A jackal zombie (D:4)
  7 kobolds
  A leopard gecko skeleton (D:4)
  3 quokka zombies (D:4)
  6 rats
70 creatures vanquished.

Vanquished Creatures (others)
  An orc (D:4)
1 creature vanquished.

Grand Total: 71 creatures vanquished

Table legend: (Time is in decaauts)
 A = Elapsed time spent in this place.
 B = Non-inter-level travel time spent in this place.
 C = Inter-level travel time spent in this place.
 D = Time resting spent in this place.
 E = Time spent auto-exploring this place.
 F = Levels seen in this place.
 G = Mean time per level.
                   A        B        C        D        E       F      G
               +--------+--------+--------+--------+--------+-----+--------+
         Total |   3325 |   3168 |    157 |    250 |   2421 |   5 |  665.0 |
       Dungeon |   3325 |   3168 |    157 |    250 |   2421 |   5 |  665.0 |
               +--------+--------+--------+--------+--------+-----+--------+

Top non-repeatable levels by time:
     D:2: 1084 daAuts
     D:3: 928 daAuts
     D:4: 763 daAuts
     D:1: 461 daAuts
     D:5: 87 daAuts

Table legend:
 A = Non-vault XP
 B = Vault XP
 C = Vault XP percentage of total XP
 D = Non-vault monster count
 E = Vault monster count
 F = Vault count percentage of total count
                 A         B        C        D         E       F
            +---------+---------+-------+---------+---------+-------
      Total |     396 |     129 |  24.6 |      63 |       8 |  11.3
            +---------+---------+-------+---------+---------+-------
        D:1 |      18 |       0 |   0.0 |      11 |       0 |   0.0
        D:2 |      17 |       0 |   0.0 |      11 |       0 |   0.0
        D:3 |      69 |       0 |   0.0 |      24 |       0 |   0.0
        D:4 |     218 |     129 |  37.2 |      14 |       8 |  36.4
        D:5 |      74 |       0 |   0.0 |       3 |       0 |   0.0
            +---------+---------+-------+---------+---------+-------
